 Dungeon Crawl Stone Soup version 0.30-a0-137-gd8773701ce (webtiles) character file.

Game seed: 17649627408002438438

33180 TemplarDane the Severer (level 13, -7/119 (125) HPs)
             Began as a Hill Orc Monk on Sept 23, 2022.
             Was the Champion of Beogh.
             Mangled by a steelbarb worm (11 damage)
             ... on level 1 of the Spider Nest.
             The game lasted 01:32:04 (19453 turns).

TemplarDane the Severer (Hill Orc Monk)            Turns: 19453, Time: 01:32:05

HP:   -7/119 (125)  AC: 20    Str: 19    XL:     13   Next: 69%
MP:   0/23          EV: 11    Int: 14    God:    Beogh [******]
Gold: 925           SH:  0    Dex: 13    Spells: 12/12 levels left

rFire   + . .      SeeInvis +    V - +7 war axe "Memouck" {vorpal, *Noise rElec Will+ Int+4}
rCold   . . .      Faith    .    (no shield)
rNeg    . . .      Spirit   +    a - +4 scale mail of Noon {Slay+3}
rPois   .          Reflect  .    E - +0 helmet
rElec   +          Harm     .    l - +0 cloak
rCorr   .          Rampage  .    (no gloves)
Will    +....                    J - +2 pair of boots {Stlth+}
Stlth   +.........               v - amulet of guardian spirit
HPRegen 0.29/turn                s - ring of see invisible
MPRegen 0.18/turn                u - ring of protection from fire

@: lethally poisoned (-7 -> -17), spiked, lightly drained
A: walk on water
a: Renounce Religion, Smiting, Recall Orcish Followers, Give Item to Named
Follower, Resurrection


You were on level 1 of the Spider Nest.
You worshipped Beogh.
Beogh was exalted by your worship.
You visited 3 branches of the dungeon, and saw 15 of its levels.

You collected 925 gold pieces.

Inventory:

Hand Weapons
 B - a +5 falchion
 C - a +1 antimagic hand axe
 D - a +0 shortbow of freezing
 P - a +1 falchion of holy wrath
 S - a +5 scimitar of freezing
 T - a +2 halberd
 V - the +7 war axe "Memouck" (weapon) {vorpal, *Noise rElec Will+ Int+4}
   (You found it on level 2 of the Lair of Beasts)

   It inflicts extra damage upon your enemies.
   Int:       It affects your intelligence (+4).
   rElec:     It insulates you from electricity.
   *Noise:    It may make noises in combat.
   Will:      It increases your willpower.
Armour
 a - the +4 scale mail of Noon (worn) {Slay+3}
   (You found it on level 5 of the Lair of Beasts)

   Slay:      It affects your accuracy & damage with ranged weapons and melee
   (+3).
 k - a +2 scale mail of fire resistance
 l - a +0 cloak (worn)
 w - a +1 ring mail of cold resistance
 E - a +0 helmet (worn)
 G - a +0 robe of the Archmagi
 J - a +2 pair of boots of stealth (worn)
Jewellery
 f - a ring of resist corrosion
 s - a ring of see invisible (left hand)
 u - a ring of protection from fire (right hand)
 v - an amulet of guardian spirit (around neck)
 R - an amulet of reflection
 W - a +6 ring of strength
 X - a +4 ring of protection
Wands
 I - a wand of paralysis (19)
 Y - a wand of light (6)
Scrolls
 d - 5 scrolls of immolation
 h - 9 scrolls of teleportation
 i - a scroll of vulnerability
 n - 4 scrolls of blinking
 o - 4 scrolls of fear
 p - 4 scrolls of butterflies
 r - 2 scrolls of magic mapping
 t - a scroll of torment {unknown}
 y - 2 scrolls of enchant weapon
 F - 4 scrolls of poison
 M - 2 scrolls of noise {unknown}
 N - a scroll of identify
 O - a scroll of enchant armour {unknown}
 Q - a scroll of amnesia {unknown}
Potions
 b - 4 potions of lignification
 c - a potion of ambrosia
 e - 2 potions of resistance {unknown}
 g - a potion of heal wounds
 j - a potion of degeneration {unknown}
 m - 2 potions of curing
 q - a potion of magic {unknown}
 x - 3 potions of invisibility
 A - 3 potions of flight
 H - a potion of mutation {unknown}
 K - 3 potions of berserk rage
 L - a potion of cancellation {unknown}
 U - a potion of attraction {unknown}
Miscellaneous
 z - a phial of floods


   Skills:
 + Level 14.4 Fighting
 + Level 15.6 Axes
 + Level 12.8 Armour
 - Level 2.5 Dodging
 - Level 1.8 Stealth
 + Level 14.2 Invocations


You had 12 spell levels left.
You didn't know any spells.
Your spell library contained the following spells:

 Spells                   Type           Power      Damage    Failure   Level
 Shock                    Conj/Air       0%         1d3       54%         1
 Gell's Gravitas          Tloc           0%         N/A       89%         3
 Lesser Beckoning         Tloc           0%         N/A       89%         3
 Spider Form              Tmut/Pois      0%         N/A       89%         3
 Swiftness                Air            0%         N/A       89%         3
 Teleport Other           Tloc           0%         N/A       89%         3
 Airstrike                Air            0%         2d(0-16)  100%        4
 Petrify                  Tmut/Erth      0%         N/A       100%        4
 Metabolic Englaciation   Hex/Ice        0%         N/A       100%        5
 Yara's Violent Unravell  Hex/Tmut       0%         3d3       100%        5
 Statue Form              Tmut/Erth      0%         N/A       100%        6
 Lehudib's Crystal Spear  Conj/Erth      0%         10d2      100%        8


Dungeon Overview and Level Annotations

Branches:
Dungeon (9/15)             Temple (0/1) D:7            Lair (5/5) D:9
 Shoals (0/4) Lair:2       Spider (1/4) Lair:3
  Slime: Lair:4-5       Orc: D:9-12

Altars:
Elyvilon
Nemelex Xobeh
Trog
Vehumet
Lugonu

Portals:
Abyss: Lair:5

Annotations:
D:3 2 transporters, Dordric's ghost, amateur FoHs


Message History

You hear a faint skittering sound. x4
The pharaoh ant bites you!!
* * * LOW HITPOINT WARNING * * *
You feel drained.
* * * LOW HITPOINT WARNING * * *
The steelbarb worm barely misses you. The ghost moth stares at you.
The barbs in your skin will harm you if you move.
Continue? [Y]es or [N]o only, please.
The barbs in your skin will harm you if you move.
Continue? [Y]es or [N]o only, please.
The barbs in your skin will harm you if you move.
Continue? [Y]es or [N]o only, please.
The barbs in your skin will harm you if you move.
Continue? [Y]es or [N]o only, please.
The barbs in your skin will harm you if you move.
Continue?
Okay, then.
You slice the pharaoh ant!!
You destroy the pharaoh ant!
Beogh accepts your kill.
The pharaoh ant binds the souls of nearby monsters.
You hit the steelbarb worm but do no damage.
You closely miss the tarantella.
You feel sick.
Garbold hits the steelbarb worm with a +5 great sword of freezing!
Garbold freezes the steelbarb worm.
The tarantella misses you. The steelbarb worm hits you!
* * * LOW HITPOINT WARNING * * *
Barbed spikes become lodged in your body.
You slice the redback!!
You kill the redback!
Beogh accepts your kill.
You hit the steelbarb worm. You slash the tarantella!
A freezing mist starts to gather...
A redback simulacrum comes into view.
* * * LOW HITPOINT WARNING * * *
You feel very sick. The tarantella misses you.
Garbold hits the steelbarb worm with a +5 great sword of freezing!
Garbold freezes the steelbarb worm.
The steelbarb worm hits you!
You die...

## ###.#
##...#
#o@s#
##w..#
Zy....#
####....#
.#..#
.#.... #
###


You could see a ghost moth (invisible), a steelbarb worm (soul bound, ally
target), a tarantella (soul bound), a redback simulacrum and the friendly
Garbold the orc warlord.

Vanquished Creatures
  4 death yaks
  3 thrashing horrors (Lair:5)
  A pharaoh ant (Spider:1)
  A wolf spider (Spider:1)
  An ugly thing (Lair:5)
  An elephant (Lair:5)
  3 black mambas
  A molten gargoyle (Lair:3)
  2 cane toads
  A torpor snail (Spider:1)
  2 komodo dragons (Lair:5)
  A smoke demon (Lair:5)
  A rime drake (Lair:5)
  An ancient zyme (Lair:5)
  A polar bear (Lair:2)
  A merfolk (Lair:2)
  2 hornets
  14 blink frogs
  2 dream sheep (Lair:5)
  A spriggan (Lair:5)
  3 wyverns
  A ynoxinul (Lair:5)
  21 yaks
  A redback (Spider:1)
  A chaos spawn (Lair:5)
  A basilisk (Lair:5)
  A vampire mosquito (D:6)
  8 water moccasins
  Duvessa (D:7)
  2 ice beasts (D:6)
  5 black bears
  2 sky beasts
  6 wolves
  4 ogres
  7 centaurs
  3 phantoms
  7 bullfrogs
  A necrophage (D:5)
  5 scorpions
  11 wights
  4 small abominations (Lair:5)
  5 howler monkeys
  An electric eel (D:9)
  4 lava snakes (Lair:3)
  5 hounds
  A jelly (D:6)
  2 gnoll boudas (D:8)
  6 iguanas
  2 orc wizards
  5 gnolls (D:8)
  8 river rats (D:5)
  5 adders
  2 shadow imps
  2 ufetubi
  4 worms
  2 dart slugs
  8 orcs
  4 ball pythons
  11 endoplasms
  7 giant cockroaches
  7 goblins
  5 hobgoblins
  10 jackals
  18 kobolds
  10 quokkas
  9 bats
  5 frilled lizards
  17 rats
304 creatures vanquished.

Vanquished Creatures (collateral kills)
  Fannar (Lair:2)
  2 hydras (Lair:5)
  3 death yaks
  Pikel (D:7)
  3 ugly things (Lair:5)
  2 large abominations (Lair:5)
  A black mamba (Lair:5)
  3 cane toads
  A molten gargoyle (Lair:3)
  2 elephants (Lair:5)
  A smoke demon (Lair:5)
  A rime drake (Lair:5)
  2 komodo dragons
  2 polar bears
  A tarantella (Spider:1)
  13 blink frogs
  5 dream sheep (Lair:5)
  A jumping spider (Spider:1)
  4 wyverns
  10 yaks
  2 basilisks
  2 chaos spawn (Lair:5)
  5 small abominations (Lair:5)
  5 water moccasins
  A centaur (D:7)
  8 wolves
  2 lemures (D:7)
  A kobold brigand (D:8)
  2 scorpions (Lair:3)
  2 bullfrogs
  4 wights (D:8)
  Dowan (D:7)
  A howler monkey (D:9)
  A lava snake (Lair:3)
  A hound (Lair:1)
  2 gnolls (D:8)
  A worm (Lair:3)
  An orc (D:6)
  A giant cockroach (Lair:3)
  2 kobolds (D:8)
104 creatures vanquished.

Vanquished Creatures (others)
  An orc knight (Lair:1)
  A jelly (D:5)
  An orc priest (D:5)
  An ufetubus (D:5)
  2 orcs
  14 fungi
  18 plants
38 creatures vanquished.

Grand Total: 446 creatures vanquished

Notes
Turn   | Place    | Note
-------+----------+-------------------------------------------
     0 | D:1      | TemplarDane the Hill Orc Monk began the quest for the Orb.
     0 | D:1      | Reached XP level 1. HP: 19/19 MP: 1/1
   152 | D:1      | Reached XP level 2. HP: 25/27 MP: 2/2
   870 | D:1      | Reached XP level 3. HP: 19/33 MP: 3/3
  1377 | D:2      | Reached skill level 1 in Armour
  1468 | D:2      | Identified the +1 leather armour "Gashrec" {-Tele rElec
                  | rPois Dex+2}
  1812 | D:2      | Found a faded altar of an unknown god.
  1866 | D:2      | Reached XP level 4. HP: 34/41 MP: 4/4
  2028 | D:2      | Reached skill level 5 in Axes
  2504 | D:3      | Found a transporter.
  2518 | D:3      | Found a transporter.
  2519 | D:3      | Noticed Dordric's ghost (amateur FoHs)
  2521 | D:3      | Noticed an ogre
  2521 | D:3      | Identified the +7 giant spiked club of Fuffiroj {drain,
                  | rN+}
  2521 | D:3      | Noticed an ogre
  2970 | D:3      | Reached XP level 5. HP: 36/47 MP: 5/5
  3176 | D:4      | Reached skill level 5 in Fighting
  3518 | D:4      | Noticed a black bear
  3544 | D:5      | Entered Level 5 of the Dungeon
  3555 | D:5      | Reached skill level 6 in Axes
  3555 | D:5      | Reached XP level 6. HP: 34/56 MP: 4/6
  3687 | D:5      | Noticed a black bear
  3715 | D:5      | Killed a black bear
  3911 | D:5      | Became a worshipper of Beogh the Brigand
  3911 | D:5      | Reached * piety under Beogh
  3911 | D:5      | Reached ** piety under Beogh
  4192 | D:4      | Killed a black bear
  4193 | D:4      | Reached XP level 7. HP: 35/63 MP: 3/7
  4539 | D:4      | Reached skill level 7 in Axes
  4539 | D:4      | Reached skill level 1 in Invocations
  5355 | D:5      | Reached skill level 5 in Armour
  5355 | D:5      | Reached XP level 8. HP: 34/71 MP: 4/10
  5617 | D:5      | Reached *** piety under Beogh
  5873 | D:5      | Reached skill level 8 in Axes
  6770 | D:6      | Reached skill level 5 in Invocations
  6774 | D:6      | Reached XP level 9. HP: 46/81 MP: 9/12
  6912 | D:6      | Reached skill level 9 in Axes
  8751 | D:7      | Noticed Duvessa
  8751 | D:7      | Noticed Dowan
  8922 | D:7      | Reached skill level 10 in Axes
  8931 | D:7      | Noticed Pikel
  8940 | D:7      | Killed Pikel
  8941 | D:7      | Reached XP level 10. HP: 26/91 MP: 4/15
  9352 | D:7      | Killed Duvessa
  9352 | D:7      | Killed Dowan
  9502 | D:7      | Reached **** piety under Beogh
  9505 | D:7      | Gained Grimold as an ally
  9525 | D:7      | Found a staircase to the Ecumenical Temple.
  9668 | D:7      | Found a sparkling altar of Nemelex Xobeh.
 10865 | D:8      | Reached skill level 10 in Fighting
 11242 | D:8      | Reached skill level 11 in Axes
 11499 | D:9      | Found a white marble altar of Elyvilon.
 11560 | D:9      | Found a bloodstained altar of Trog.
 11560 | D:9      | Found a radiant altar of Vehumet.
 11564 | D:9      | Paralysed by a hornet for 3 turns
 11834 | D:9      | Found a staircase to the Lair.
 12402 | Lair:1   | Entered Level 1 of the Lair of Beasts
 12711 | Lair:1   | Noticed a death yak
 12711 | Lair:1   | Noticed a death yak
 12712 | Lair:1   | Noticed a death yak
 12713 | Lair:1   | Noticed a death yak
 12713 | Lair:1   | Noticed a death yak
 12723 | Lair:1   | Your ally Grimold died
 12724 | Lair:1   | Killed a death yak
 12725 | Lair:1   | Reached XP level 11. HP: 82/101 MP: 13/18
 12727 | Lair:1   | Killed a death yak
 13064 | Lair:1   | Reached skill level 12 in Axes
 13081 | Lair:1   | Reached skill level 10 in Invocations
 13813 | Lair:1   | Reached ***** piety under Beogh
 13906 | Lair:1   | You fall into a shaft and drop 1 floor!
 13918 | Lair:2   | Gained Garbold as an ally
 14234 | Lair:2   | Reached skill level 10 in Armour
 14411 | Lair:2   | Noticed Fannar
 14421 | Lair:2   | Killed Fannar
 14814 | Lair:2   | Found a staircase to the Shoals.
 14883 | Lair:2   | Identified the +7 war axe "Memouck" {vorpal, *Noise rElec
                  | Will+ Int+4}
 15017 | Lair:2   | Reached skill level 13 in Axes
 15043 | Lair:2   | Reached XP level 12. HP: 87/112 MP: 16/20
 15230 | Lair:2   | Got Kery's Excursus on Metamorphic Terra Firma
 16712 | Lair:3   | Found a hole to the Spider Nest.
 17087 | Lair:5   | Entered Level 5 of the Lair of Beasts
 17263 | Lair:5   | Identified the +4 scale mail of Noon {Slay+3}
 17535 | Lair:5   | Noticed a death yak
 17541 | Lair:5   | Noticed a death yak
 17546 | Lair:5   | Killed a death yak
 17546 | Lair:5   | Noticed a death yak
 17547 | Lair:5   | Reached skill level 14 in Axes
 17551 | Lair:5   | Noticed a death yak
 17552 | Lair:5   | Killed a death yak
 17554 | Lair:5   | Noticed a death yak
 17556 | Lair:5   | Killed a death yak
 17561 | Lair:5   | Killed a death yak
 17565 | Lair:5   | Killed a death yak
 17659 | Lair:5   | Noticed a six-headed hydra
 17665 | Lair:5   | Killed a seven-headed hydra
 18146 | Lair:5   | Reached XP level 13. HP: 122/122 MP: 22/22
 18322 | Lair:5   | Reached ****** piety under Beogh
 18325 | Lair:5   | Reached skill level 15 in Axes
 19061 | Lair:5   | Found a corrupted altar of Lugonu.
 19061 | Lair:5   | Found a one-way gate to the infinite horrors of the Abyss.
 19443 | Spider:1 | Entered Level 1 of the Spider Nest
 19444 | Spider:1 | Noticed a ghost moth
 19453 | Spider:1 | HP: 4/119 [poisoned by a wolf spider]
 19453 | Spider:1 | Mangled by a steelbarb worm

Illustrated notes

Levels and vault maps discovered:
D:1:      wheals_arrival_shading, layout_basic
D:2:      layout_basic, ebering_ecumenical_altar_mist, serial_forest,
          infiniplex_forest_corner_2, infiniplex_forest_end_1,
          infiniplex_forest_end_1, infiniplex_forest_lined_2,
          infiniplex_forest_end_1, infiniplex_forest_end_double
D:3:      layout_basic, gammafunk_ghost_smash, minmay_misc_feat_room
D:4:      layout_rooms, minmay_starry_boxes
D:5:      lemuel_ratsnest, layout_rooms, columned_hall_lemuel
D:6:      layout_loops_corners, nicolae_ossuary_entry_ruins,
          hangedman_minor_gate_pass
D:7:      layout_gridville, nemelex_diamond_rough_becter,
          minmay_temple_entry_slanted, uniq_duvessa, uniq_pikel
D:8:      layout_basic
D:9:      layout_roguey, nicolae_elyvilon_temple_path,
          amethyst_overflow_temple_binary, lair_entry_dummy, grunt_ministairs_4
Lair:1:   beast_lair_carwin_large_1, layout_misc_corridors,
          nicolae_quartered_pool_super, lemuel_fruit_tree
Lair:2:   layout_chaotic_city, elwin_shoals_entry_rooms, grunt_megastairs_1,
          uniq_fannar
Lair:3:   cheibrodos_magma_flow, layout_regular_city,
          nicolae_spider_entry_non_spiders
Lair:4:   layout_misc_corridors, dpeg_slime_entry_enclosed, grunt_megastairs_2,
          infiniplex_staircase_pool
Lair:5:   hellmonk_lair_end_abyssal_woods, layout_long_grid,
          serial_bayou_shore_a
Spider:1: layout_spider_delve, uniq_kirke

Skill      XL: |  1  2  3  4  5  6  7  8  9 10 11 12 13 |
---------------+----------------------------------------+-----
Fighting       | 4 5 6 7 9 10 12 13 14 | 14.4
Armour         | 1 2 3 4 5 6 7 9 10 11 12 | 12.8
Axes           | 5 6 7 8 10 11 13 14 15 | 15.6
Invocations    | 2 5 7 9 11 13 14 | 14.2
Dodging        | |  2.5
Stealth        | |  1.8

Action                   |  1- 3 |  4- 6 |  7- 9 | 10-12 | 13-15 || total
-------------------------+-------+-------+-------+-------+-------++-------
Melee: Hand axe          |   130 |   204 |   104 |       |       ||   438
       Punch             |     1 |     3 |     7 |       |     1 ||    12
       War axe           |       |       |   307 |   231 |   121 ||   659
       Battleaxe         |       |       |       |   222 |       ||   222
Invok: Convert to Beogh  |       |     1 |       |       |       ||     1
       Smiting           |       |       |     1 |       |       ||     1
       Recall Orcish Fol |       |       |       |     4 |       ||     4
       Give Item to Name |       |       |       |     1 |       ||     1
  Use: Scroll            |       |     1 |     7 |     7 |       ||    15
       Potion            |       |       |     2 |     4 |       ||     6
 Stab: Sleeping          |     9 |       |       |       |       ||     9
       Distracted        |       |       |       |     3 |     2 ||     5
Armor: Robe              |    17 |       |       |       |       ||    17
       Scale mail        |    42 |   106 |   191 |   213 |    63 ||   615
Dodge: Dodged            |    82 |   141 |   227 |   249 |    76 ||   775

Table legend: (Time is in decaauts)
 A = Elapsed time spent in this place.
 B = Non-inter-level travel time spent in this place.
 C = Inter-level travel time spent in this place.
 D = Time resting spent in this place.
 E = Time spent auto-exploring this place.
 F = Levels seen in this place.
 G = Mean time per level.
                   A        B        C        D        E       F      G
               +--------+--------+--------+--------+--------+-----+--------+
         Total |  19416 |  15824 |   3592 |   8369 |   4820 |  15 | 1294.4 |
       Dungeon |  12413 |  10113 |   2300 |   4875 |   3472 |   9 | 1379.2 |
          Lair |   6994 |   5702 |   1292 |   3494 |   1348 |   5 | 1398.8 |
   Spider Nest |      8 |      8 |      0 |      0 |      0 |   1 |    8.0 |
               +--------+--------+--------+--------+--------+-----+--------+

Top non-repeatable levels by time:
     D:6: 2486 daAuts
     D:5: 2167 daAuts
  Lair:5: 2098 daAuts
  Lair:2: 1697 daAuts
     D:8: 1689 daAuts
  Lair:3: 1556 daAuts
  Lair:1: 1514 daAuts
     D:1: 1221 daAuts
     D:4: 1063 daAuts
     D:9: 1023 daAuts
     D:2: 992 daAuts
     D:3: 956 daAuts
     D:7: 812 daAuts
  Lair:4: 128 daAuts
Spider:1: 8 daAuts
